 Dungeon Sprint DCSS version 0.31-a0-7-g51783674b7 (webtiles) character file.

Game seed: 1534778221402510524

9788 howech the Imperceptible (level 11, -1/61 HPs)
             Began as an Octopode Enchanter on May 5, 2023.
             Was a High Priest of Sif Muna.
             Slain by a demonic crawler (10 damage)
             ... in the Dungeon (Sprint I: "Red Sonja").
             The game lasted 00:14:53 (833 turns).

howech the Imperceptible (Octopode Enchanter)        Turns: 833, Time: 00:14:53

Health: -1/61      AC:  1    Str:  9    XL:     11   Next: 52%
Magic:  23/25      EV: 17    Int: 21    God:    Sif Muna [*****.]
Gold:   263        SH:  0    Dex: 12    Spells: 22/30 levels left

rFire   + . .        u - +2 dagger (speed)
rCold   x . .        (no shield)
rNeg    . . .        (helmet restricted)
rPois   +            (no amulet)
rElec   .            n - ring of see invisible
rCorr   .            (no ring)
SInv    +            s - ring of fire
Will    .....        t - ring of poison resistance
Stlth   +++++++++    (no ring)
HPRegen 0.30/turn    (no ring)
MPRegen 0.19/turn    (no ring)
                     (no ring)

%: no teleportation
@: no status effects
A: almost no armour, amphibious, 8 rings, camouflage 1, gelatinous body 1,
(nimble swimmer 1), tentacles
a: Renounce Religion, Channel Magic, Forget Spell, Divine Exegesis


You were in the Dungeon.
You worshipped Sif Muna.
Sif Muna was extremely pleased with you.
You visited 1 branch You collected 1276 gold pieces.
You spent 995 gold pieces at shops.
You donated 18 gold pieces to Zin.

Inventory:

Hand Weapons
 a - a +1 dagger
 u - a +2 dagger of speed (weapon)
Missiles
 i - 4 curare-tipped darts (quivered)
 l - 2 poisoned darts
Jewellery
 j - a ring of ice
 n - a ring of see invisible (left tentacle)
 s - a ring of fire (on tentacle)
 t - a ring of poison resistance (on tentacle)
Wands
 g - a wand of digging (10)
 o - a wand of iceblast (3)
Scrolls
 h - a scroll of blinking
 m - a scroll of poison {unknown}
 p - a scroll of enchant weapon {unknown}
 q - a scroll of identify {unknown}
Potions
 b - a potion of invisibility
 c - a potion of curing
 d - 2 potions of heal wounds
 e - a potion of haste
 f - 2 potions of magic
 k - 2 potions of might {unknown}
Miscellaneous
 r - a phantom mirror


   Skills:
 - Level 10.0 Short Blades
 - Level 10.8 Dodging
 * Level 21.3 Stealth
 + Level 10.4 Spellcasting
 + Level 11.4 Hexes
 + Level 11.1 Ice Magic


You had 22 spell levels left.
You knew the following spells:

 Your Spells              Type           Power      Damage    Failure   Level
a - Ensorcelled Hibernat  Hex/Ice        100%       N/A       1%          2
b - Confusing Touch       Hex            56%        N/A       1%          3
c - Dazzling Flash        Conj/Hex       70%        N/A       1%          3

Your spell library contained the following spells:

 Spells                   Type           Power      Damage    Failure   Level
 Tukima's Dance           Hex            56%        N/A       1%          3
 Cause Fear               Hex            28%        N/A       1%          4
 Foxfire                  Conj/Fire      64%        2x1d7     6%          1
 Anguish                  Hex/Necr       17%        N/A       6%          4
 Lesser Beckoning         Tloc           22%        N/A       10%         2
 Gell's Gravitas          Tloc           11%        N/A       19%         3
 Teleport Other           Tloc           11%        N/A       19%         3
 Volatile Blastmotes      Fire/Tloc      32%        2d12      19%         3
 Enfeeble                 Hex            28%        N/A       43%         7


Dungeon Overview and Level Annotations

Branches:
Dungeon (1/1)

Altars:
Cheibriados
Dithmenos
Elyvilon
Fedhas
Gozag
Hepliaklqana
Kikubaaqudgha
Makhleb
Nemelex Xobeh
Okawaru
Qazlal
Ru
Sif Muna
Trog
Uskayaw
Vehumet
Wu Jian
Xom
Yredelemnul
Zin
The Shining One
Jiyva
Lugonu

Shops:
D **[*(?[*!*:=(:[[[(=[=


Innate Abilities, Weirdness & Mutations

You cannot wear most types of armour.
You are amphibious.
You can wear up to eight rings at the same time.
Your skin changes colour to match your surroundings (Stealth+).
Your rubbery body absorbs attacks. (AC +1, EV +1)
((You are camouflaged when in or above water. (Stealth+)))
You have tentacles for arms and can constrict up to eight enemies at once.


Message History

a +2 dagger of speed; a +0 robe; a kobold corpse
u - a +2 dagger of speed Your tentacles tingle!
u - a +2 dagger of speed (weapon)
Unknown command.
Search for what [Enter for "ring of fire", or ? for help]? dagger Search for what [Enter for "dagger", or ? for help]?
Okay, then.
You open the door. 4 demonic crawlers come into view.
There is an open door here.
The helpless demonic crawler fails to defend itself.
You stick the demonic crawler like a pincushion!!!!
You kill the demonic crawler!
Sif Muna accepts your kill.
Your Ice Magic skill increases to level 11!
The helpless demonic crawler fails to defend itself.
You stick the demonic crawler like a pincushion!!!!
You kill the demonic crawler!
Sif Muna accepts your kill.
Unknown command.
The demonic crawler gives a hideous shriek! x2
The demonic crawler hits you! x2; The demonic crawler hits you.
The demonic crawler closely misses you. The demonic crawler misses you.
The demonic crawler hits you!
Unknown command.
The demonic crawler attacks as you move away!
The demonic crawler barely misses you. x2; The demonic crawler hits you.
There is an open door here.
Casting: Confusing Touch (safe; 1% risk of failure)
Confirm with . or Enter, or press ? or * to list all spells.
Aiming: Ensorcelled Hibernation (safe; 1% risk of failure)
Press: ? - help, Shift-Dir - straight line, f - demonic crawler
Aim: a demonic crawler (chance to affect: 37%)
The demonic crawler easily resists.
The demonic crawler hits you. The demonic crawler misses you.
The demonic crawler barely misses you. The demonic crawler misses you.
The demonic crawler hits you!
* * * LOW HITPOINT WARNING * * *
The demonic crawler hits you!
You die...

##################
.#.)'..#__#..'..)#
)'..#..'..'..#..@##+#
'#####'#__####[.ss..#
.#...#)####.§#####†.+
##..##.#§§~.§#..##+##
_##'#_.+§§§..'..#
..'..._#§~~§§#§§#
_##_.#'##'#####§###
_###'#)#....###.'.#
####.####'###.###.#


You could see 2 demonic crawlers.

Vanquished Creatures
  2 centaur warriors (D)
  Sonja (D)
  A deep troll (D)
  An oklob plant (D)
  8 shining eyes (D)
  2 demonic crawlers (D)
  2 unseen horrors (D)
  2 kobold demonologists (D)
  A hornet (D)
  A slime creature (D)
  Sigmund (D)
  A yak (D)
  2 redbacks (D)
  6 floating eyes (D)
  An ogre (D)
  7 necrophages (D)
  8 jellies (D)
  Ijyb (D)
48 creatures vanquished.

Notes
Turn   | Place    | Note
-------+----------+-------------------------------------------
     0 | D        | howech the Octopode Enchanter began the quest for the Orb.
     0 | D        | Reached XP level 1. HP: 11/11 MP: 3/3
     4 | D        | Noticed Ijyb
    10 | D        | Killed Ijyb
    11 | D        | Reached skill level 6 in Stealth
    11 | D        | Reached skill level 1 in Ice Magic
    11 | D        | Reached XP level 2. HP: 14/17 MP: 3/5
    11 | D        | Reached XP level 3. HP: 17/21 MP: 4/7
    16 | D        | Learned a level 2 spell: Ensorcelled Hibernation
    18 | D        | Noticed an ogre
    21 | D        | Killed an ogre
    22 | D        | Reached skill level 8 in Stealth
    22 | D        | Reached XP level 4. HP: 19/27 MP: 5/9
    33 | D        | Noticed Sigmund
    35 | D        | Killed Sigmund
    36 | D        | Reached skill level 5 in Dodging
    36 | D        | Reached skill level 10 in Stealth
    36 | D        | Reached skill level 5 in Hexes
    36 | D        | Reached XP level 5. HP: 28/31 MP: 7/11
    36 | D        | Reached XP level 6. HP: 32/36 MP: 7/12
    48 | D        | Found an ornate altar of the Wu Jian Council.
    48 | D        | Found a shimmering blue altar of Sif Muna.
    50 | D        | Found a radiant altar of Vehumet.
    67 | D        | Found Oraeqas's Assorted Antiques.
    67 | D        | Found an ancient bone altar of Kikubaaqudgha.
    67 | D        | Found a hazy altar of Hepliaklqana.
    67 | D        | Found a stormy altar of Qazlal.
    67 | D        | Found a hide-covered altar of Uskayaw.
    67 | D        | Found a blossoming altar of Fedhas.
    67 | D        | Found a bloodstained altar of Trog.
    67 | D        | Found an iron altar of Okawaru.
    67 | D        | Found a basalt altar of Yredelemnul.
    67 | D        | Found a glowing golden altar of the Shining One.
    67 | D        | Found a snail-covered altar of Cheibriados.
    67 | D        | Found a sacrificial altar of Ru.
    67 | D        | Found a glowing silver altar of Zin.
    67 | D        | Found a shadowy altar of Dithmenos.
    67 | D        | Found a white marble altar of Elyvilon.
    67 | D        | Noticed a yak
    68 | D        | Found an opulent altar of Gozag.
    69 | D        | Killed a yak
    70 | D        | Reached skill level 5 in Short Blades
    70 | D        | Reached skill level 11 in Stealth
    70 | D        | Reached skill level 5 in Spellcasting
    70 | D        | Reached skill level 5 in Ice Magic
    70 | D        | Found a sparkling altar of Nemelex Xobeh.
    76 | D        | Became a worshipper of Zin the Law-Giver
    76 | D        | Reached * piety under Zin
    76 | D        | Reached ** piety under Zin
    76 | D        | Reached *** piety under Zin
    76 | D        | Reached **** piety under Zin
    76 | D        | Reached ***** piety under Zin
   113 | D        | Learned a level 3 spell: Confusing Touch
   117 | D        | Learned a level 3 spell: Dazzling Flash
   117 | D        | Noticed Sonja
   121 | D        | Killed Sonja
   122 | D        | Reached skill level 13 in Stealth
   122 | D        | Reached XP level 7. HP: 41/41 MP: 13/16
   122 | D        | Reached XP level 8. HP: 46/46 MP: 13/17
   123 | D        | Reached ****** piety under Zin
   128 | D        | Found Ceallica's Assorted Antiques.
   138 | D        | Noticed a shining eye
   138 | D        | Noticed a shining eye
   138 | D        | Noticed a shining eye
   138 | D        | Noticed a shining eye
   138 | D        | Noticed a shining eye
   138 | D        | Noticed a shining eye
   141 | D        | Noticed a shining eye
   141 | D        | Noticed a shining eye
   144 | D        | Reached skill level 14 in Stealth
   152 | D        | Killed a shining eye
   153 | D        | Reached skill level 15 in Stealth
   153 | D        | Reached XP level 9. HP: 51/51 MP: 15/19
   158 | D        | Killed a shining eye
   174 | D        | Killed a shining eye
   175 | D        | Reached skill level 16 in Stealth
   181 | D        | Killed a shining eye
   182 | D        | Reached skill level 17 in Stealth
   193 | D        | Killed a shining eye
   194 | D        | Reached XP level 10. HP: 56/56 MP: 8/22
   196 | D        | Killed a shining eye
   200 | D        | Killed a shining eye
   201 | D        | Reached skill level 18 in Stealth
   203 | D        | Killed a shining eye
   222 | D        | Fell from the grace of Zin
   222 | D        | Became a worshipper of Sif Muna the Loreminder
   255 | D        | Found Tooriaf's Weapon Shop.
   255 | D        | Found Coud's Assorted Antiques.
   255 | D        | Found Gitoy's Magic Scroll Boutique.
   255 | D        | Found Uhudot's Antique Armour Emporium.
   285 | D        | Bought a wooden ring for 155 gold pieces
   338 | D        | Noticed a deep troll
   342 | D        | Killed a deep troll
   352 | D        | Found Onatuh's Armour Emporium.
   375 | D        | Noticed a centaur warrior
   376 | D        | Noticed a centaur warrior
   379 | D        | Killed a centaur warrior
   380 | D        | Reached skill level 19 in Stealth
   380 | D        | Reached skill level 10 in Hexes
   382 | D        | Killed a centaur warrior
   382 | D        | Reached * piety under Sif Muna
   383 | D        | Reached skill level 10 in Short Blades
   383 | D        | Reached skill level 10 in Dodging
   383 | D        | Reached skill level 10 in Ice Magic
   406 | D        | Noticed an oklob plant
   408 | D        | Killed an oklob plant
   409 | D        | Reached XP level 11. HP: 44/61 MP: 22/24
   416 | D        | Reached ** piety under Sif Muna
   433 | D        | Reached skill level 20 in Stealth
   440 | D        | Found Jiunipha's Weapon Boutique.
   440 | D        | Found Zatrosch's Jewellery Emporium.
   440 | D        | Found Bit Iran's Jewellery Emporium.
   442 | D        | Found Papusesi's Armour Boutique.
   442 | D        | Found Rasm's Armour Shoppe.
   442 | D        | Found Jedu's Antique Armour Shop.
   442 | D        | Found Lapn's Book Emporium.
   442 | D        | Found Iczefryske's Weapon Boutique.
   442 | D        | Found Buxean's Jewellery Shoppe.
   442 | D        | Found Huhischeth's Book Shop.
   445 | D        | Bought a ring of see invisible for 210 gold pieces
   448 | D        | Found Myuzerch's Assorted Antiques.
   449 | D        | Found Cokkoymel's Distillery.
   449 | D        | Found Oripiyps's General Store.
   450 | D        | Found Sauth's Antique Armour Shop.
   498 | D        | Reached *** piety under Sif Muna
   560 | D        | Reached **** piety under Sif Muna
   593 | D        | Reached ***** piety under Sif Muna
   593 | D        | Received a gift from Sif Muna
   594 | D        | Reached skill level 10 in Spellcasting
   594 | D        | Got Sif Muna's Anthology of the Searing Faeries {god gift}
   645 | D        | Identified the +5 quarterstaff of Plog {elec, rC+ Int-2
                  | Dex+5}
   748 | D        | Bought a ring of fire for 350 gold pieces
   748 | D        | Bought a ring of poison resistance for 280 gold pieces
   792 | D        | Found a burning altar of Makhleb.
   792 | D        | Found a viscous altar of Jiyva.
   792 | D        | Found a shimmering altar of Xom.
   792 | D        | Found a corrupted altar of Lugonu.
   813 | D        | Received a gift from Sif Muna
   814 | D        | Reached skill level 21 in Stealth
   833 | D        | Slain by a demonic crawler

Illustrated notes

Levels and vault maps discovered:
D:        dungeon_sprint_1 [red_sonja_temple_1, red_sonja_temple_small_1]

Skill      XL: |  1  2  3  4  5  6  7  8  9 10 11 |
---------------+----------------------------------+-----
Short Blades   | 2 3 4 6 7 8 10 | 10.0
Stealth        | 6 8 10 13 15 17 19 21 | 21.3
Ice Magic      | 1 3 4 6 7 8 10 11 | 11.1
Dodging        | 3 5 6 7 8 10 | 10.8
Spellcasting   | 3 4 6 7 8 9 10 | 10.4
Hexes          | 4 5 7 8 9 10 11 | 11.4

Action                     |  1- 3 |  4- 6 |  7- 9 | 10-12 || total
---------------------------+-------+-------+-------+-------++-------
  Melee: Dagger            |     6 |     4 |    32 |    69 ||   111
         Tentacles         |     3 |       |    10 |    12 ||    25
         Constrict         |     1 |       |     6 |     7 ||    14
         Punch             |       |       |       |     1 ||     1
   Cast: Ensorcelled Hiber |       |     2 |     1 |    12 ||    15
         Dazzling Flash    |       |       |     4 |       ||     4
         Confusing Touch   |       |       |       |     7 ||     7
    Use: Potion            |     2 |       |       |       ||     2
   Stab: Sleeping          |     1 |     4 |     6 |    23 ||    34
         Invisible         |       |       |     5 |       ||     5
         Confused          |       |       |       |     6 ||     6
 Armour: Skin              |       |       |       |     1 ||     1
  Dodge: Dodged            |     1 |     1 |       |    26 ||    28

Table legend: (Time is in decaauts)
 A = Elapsed time spent in this place.
 B = Non-inter-level travel time spent in this place.
 C = Inter-level travel time spent in this place.
 D = Time resting spent in this place.
 E = Time spent auto-exploring this place.
 F = Levels seen in this place.
 G = Mean time per level.
                   A        B        C        D        E       F      G
               +--------+--------+--------+--------+--------+-----+--------+
         Total |    790 |    780 |     10 |    126 |      0 |   1 |  790.0 |
       Dungeon |    790 |    780 |     10 |    126 |      0 |   1 |  790.0 |
               +--------+--------+--------+--------+--------+-----+--------+

Top non-repeatable levels by time:
       D: 790 daAuts
